 Dungeon Crawl Stone Soup version 0.21.1-1-g345015fe64 (webtiles) character file.

27748 Lavandula the Cleaver (level 13, -8/130 HPs)
             Began as a Deep Dwarf Transmuter on May 27, 2018.
             Was the Champion of Makhleb.
             Mangled by a two-headed ogre
             ... wielding a +0 giant spiked club
              (16 damage)
             ... on level 2 of the Orcish Mines.
             The game lasted 00:50:24 (7966 turns).

Lavandula the Cleaver (Deep Dwarf Transmuter)       Turns: 7966, Time: 00:50:25

Health: -8/130     AC: 10    Str: 18    XL:     13   Next: 6%
Magic:  3/3        EV: 17    Int: 15    God:    Makhleb [******]
Gold:   16         SH:  4    Dex: 13    Spells: 9/22 levels left

rFire    + . .     SeeInvis .   j - +10 trident "Duycerpheaq" {vamp, rPois MR+ Stlth-}
rCold    + . .     Gourm    .   (no shield)
rNeg     + . .     Faith    .   T - +2 robe {rC+ rF+}
rPois    +         Spirit   .   (no helmet)
rElec    .         Reflect  +   Q - +2 cloak {rPois}
rCorr    .         Harm     .   p - +0 pair of gloves
MR       +++..                  g - +0 pair of boots
Stlth    ..........             Y - +4 amulet of reflection
HPRegen  0.00/turn              u - ring of positive energy
MPRegen  0.08/turn              G - ring of wizardry

@: non-regenerating
A: damage resistance, heal wounds, hooves 1, magic resistance 1, sense
surroundings 2, no regeneration
a: Heal Wounds, Minor Destruction, Lesser Servant of Makhleb, Major Destruction,
Greater Servant of Makhleb, Renounce Religion


You were on level 2 of the Orcish Mines.
You worshipped Makhleb.
Makhleb was exalted by your worship.
You were not hungry.

You visited 3 branches of the dungeon, and saw 15 of its levels.
You also visited: Ossuary.

You collected 1003 gold pieces.
You spent 987 gold pieces at shops.

Inventory:

Hand Weapons
 i - a +0 blowgun
 j - the +10 trident "Duycerpheaq" (weapon) {vamp, rPois MR+ Stlth-}
   (You bought it in a shop on level 7 of the Dungeon)

   It inflicts no extra harm, but heals its wielder when it wounds a living foe.
   It protects you from poison.
   It affects your resistance to hostile enchantments.
   It makes you less stealthy.
 F - a +5 war axe
 H - a +1 executioner's axe of freezing
 M - a +1 hand axe of flaming
Missiles
 a - 218 arrows
 t - 2 steel tomahawks (quivered)
 z - 8 curare-tipped needles
 V - a throwing net
Armour
 g - a +0 pair of boots (worn)
 p - a +0 pair of gloves (worn)
 r - a +2 robe of magic resistance
 N - a +2 helmet
 O - a +0 leather armour
 Q - a +2 cloak of poison resistance (worn)
 T - a +2 robe of resistance (worn)
Jewellery
 u - a ring of positive energy (left hand)
 B - the amulet of Vitality {Regen+ HP+15}
   (You found it on level 6 of the Dungeon)

   [amulet of regeneration]

   It affects your health (+15).
   It increases your rate of regeneration.
 G - a ring of wizardry (right hand)
 P - an uncursed ring of magical power
 Y - a +4 amulet of reflection (around neck)
Wands
 b - a wand of random effects (40)
 h - a wand of paralysis (5)
 m - a wand of iceblast (6)
 s - a wand of polymorph (32)
 U - a wand of flame (22)
Scrolls
 e - 5 scrolls of remove curse
 n - 8 scrolls of teleportation
 w - a scroll of immolation
 x - a scroll of holy word {unknown}
 y - a scroll of magic mapping
 A - a scroll of enchant armour {unknown}
 C - a scroll of amnesia {unknown}
 J - 2 scrolls of noise {unknown}
 R - 2 scrolls of torment {unknown}
 S - a scroll of brand weapon {unknown}
Potions
 f - a potion of haste
 k - a potion of invisibility {unknown}
 l - a potion of might {unknown}
 q - 4 potions of curing
 D - 2 potions of brilliance
 E - 4 potions of agility
 L - a potion of degeneration {unknown}
 Z - a potion of ambrosia {unknown}
Books
 c - a book of Changes

   Spells                             Type                      Level
   a - Beastly Appendage              Transmutation                1
   b - Sticks to Snakes               Transmutation                2
   c - Spider Form                    Transmutation/Poison         3
   d - Ice Form                       Ice/Transmutation            4
   e - Blade Hands                    Transmutation                5
 o - the Grimoire of Damaging Boosts
   (You found it on level 10 of the Dungeon)

   Spells                             Type                      Level
   a - Flame Tongue                   Conjuration/Fire             1
   b - Sting                          Conjuration/Poison           1
   c - Ozocubu's Armour               Charms/Ice                   3
   d - Fulminant Prism                Conjuration/Hexes            4
   e - Irradiate                      Conjuration/Transmutation    5
   f - Bolt of Fire                   Conjuration/Fire             6
 v - a book of Geomancy

   Spells                             Type                      Level
   a - Sandblast                      Earth                        1
   b - Passwall                       Transmutation/Earth          2
   c - Stone Arrow                    Conjuration/Earth            3
   d - Petrify                        Transmutation/Earth          4
   e - Lee's Rapid Deconstruction     Earth                        5
 I - a book of Power

   Spells                             Type                      Level
   a - Iskenderun's Battlesphere      Conjuration/Charms           5
   b - Venom Bolt                     Conjuration/Poison           5
   c - Bolt of Magma                  Conjuration/Fire/Earth       5
   d - Iron Shot                      Conjuration/Earth            6
   e - Orb of Destruction             Conjuration                  7
   f - Spellforged Servitor           Conjuration/Summoning        7
 K - a book of Beasts

   Spells                             Type                      Level
   a - Summon Butterflies             Summoning                    1
   b - Call Canine Familiar           Summoning                    3
   c - Summon Ice Beast               Ice/Summoning                4
   d - Summon Mana Viper              Hexes/Summoning              5
   e - Summon Hydra                   Summoning                    7
 W - a book of Cantrips

   Spells                             Type                      Level
   a - Confusing Touch                Hexes                        1
   b - Animate Skeleton               Necromancy                   1
   c - Summon Small Mammal            Summoning                    1
   d - Apportation                    Translocation                1
 X - a book of Frost

   Spells                             Type                      Level
   a - Freeze                         Ice                          1
   b - Throw Frost                    Conjuration/Ice              2
   c - Ozocubu's Armour               Charms/Ice                   3
   d - Throw Icicle                   Conjuration/Ice              4
   e - Summon Ice Beast               Ice/Summoning                4
Comestibles
 d - 11 rations


   Skills:
 - Level 12.8 Fighting
 - Level 12.9(13.1) Axes
 + Level 2.5(7.6) Polearms
 - Level 4.5 Armour
 - Level 8.5 Dodging
 - Level 7.0 Unarmed Combat
 - Level 5.1 Spellcasting
 - Level 1.8 Transmutations
 - Level 8.0 Invocations
 - Level 6.2 Evocations


You had 9 spell levels left.
You knew the following spells:

 Your Spells              Type           Power        Failure   Level  Hunger
a - Beastly Appendage     Tmut           #.....       3%          1    None
b - Sticks to Snakes      Tmut           #.......     4%          2    ##.....
c - Spider Form           Tmut/Pois      #.........   13%         3    ###....
d - Summon Butterflies    Summ           #.......     6%          1    None
e - Irradiate             Conj/Tmut      #.........   73%         5    ######.
g - Apportation           Tloc           #.....       6%          1    None


Dungeon Overview and Level Annotations

Branches:
Dungeon (12/15)            Temple (1/1) D:7             Orc (2/2) D:12
   Lair: D:8-11         Elf: Orc:2

Altars:
Ashenzari
Cheibriados
Dithmenos
Elyvilon
Fedhas
Gozag
Hepliaklqana
Kikubaaqudgha
Makhleb
Nemelex Xobeh
Okawaru
Qazlal
Sif Muna
Trog
Uskayaw
Vehumet
Wu Jian
Xom
Yredelemnul
Zin
The Shining One

Shops:
D:7 (   Orc:1 ?

Portals:
Trove: D:12 (give horn of Geryon)

Annotations:
Orc:1 Donald


Innate Abilities, Weirdness & Mutations

You are resistant to damage.
You can heal yourself by infusing magical energy.
You passively map the area around you.
You do not regenerate.
You have large cloven feet.
You are resistant to hostile enchantments. (MR+)


Message History

The two-headed ogre barely misses you.
The two-headed ogre hits you with a dire flail!
Unknown command.
You hit the two-headed ogre but do no damage.
The two-headed ogre is severely wounded.
The two-headed ogre barely misses you. x2
The two-headed ogre hits you with a giant spiked club!!
* * * LOW HITPOINT WARNING * * *
The two-headed ogre hits you with a giant spiked club!
* * * LOW HITPOINT WARNING * * *
The two-headed ogre hits you with a giant club.
* * * LOW HITPOINT WARNING * * *
The two-headed ogre hits you with a dire flail.
You hit the two-headed ogre.
The two-headed ogre is almost dead.
The two-headed ogre barely misses you.
The two-headed ogre hits you with a giant spiked club!
* * * LOW HITPOINT WARNING * * *
The two-headed ogre hits you with a giant spiked club!!
You die...

......#*##..... * ,
.......#....... * ,
, #$...........#, *
#..........#***
#.......... *
##.......###
##..........#.## *
##......OOO.....# ,
#.......#@.....# ,,
###.....OO##......#
##.........#
##.....
#....<.OO### *,
....
##......)####..,
...,* ,
##.....))..... *##
* , ##...........,
* #.#$......... ,
∩, #.............
** ,


You could see 3 two-headed ogres.

Vanquished Creatures
  An orc warlord (Orc:1)
  Josephine (D:11)
  A hydra (D:11)
  The ghost of yann the Summoner, a journeyman HuWn of Ashenzari (D:11)
  An ogre mage (Orc:2)
  3 two-headed ogres
  The ghost of Chudej the Thaumaturge, a journeyman DECj of Sif Muna (D:12)
  The ghost of Lokiki the Insei, a novice MfTm of Gozag (D:7)
  An unseen horror (D:10)
  A flayed ghost (D:10)
  An orc knight (D:9)
  A cyclops (D:12)
  2 orc sorcerers
  A deep elf mage (D:12)
  5 ugly things
  2 centaur zombies
  Joseph (D:8)
  Maurice (D:9)
  2 gargoyles
  A komodo dragon (D:10)
  The ghost of tobi4572 the Covert, a novice SpAs (D:5)
  A hornet (D:11)
  3 hippogriffs
  2 shadows
  2 yaks (D:10)
  9 wraiths
  13 fire bats (D:10)
  Grum (D:10)
  Menkaure (D:7)
  2 hungry ghosts
  3 wargs (Orc:1)
  A two-headed ogre zombie (D:12)
  4 sky beasts
  14 orc warriors
  3 ice beasts
  A black bear (D:6)
  An eye of draining (D:11)
  3 phantoms
  5 wolves (D:10)
  2 necrophages
  14 ogres
  4 centaurs
  4 big kobolds
  5 bullfrogs
  Blork the orc (D:5)
  2 scorpions
  3 troll zombies (D:12)
  4 killer bees (D:11)
  5 wights (D:12)
  2 vampire bats (D:4)
  8 howler monkeys
  A bullfrog zombie (D:7)
  5 crimson imps
  2 jellies
  A quasit (D:11)
  10 orc priests
  2 bullfrog skeletons
  2 hounds
  17 orc wizards
  A centaur skeleton (D:9)
  5 iguanas
  5 worker ants
  Ijyb (D:5)
  4 ogre zombies (D:12)
  A hound skeleton (D:7)
  3 worker ant zombies
  6 adders
  A shadow imp (D:12)
  A white imp (D:10)
  An ooze (D:6)
  2 adder skeletons
  3 adder zombies
  4 worms
  A dart slug (D:1)
  7 leopard geckos
  63 orcs
  A ball python (D:3)
  5 giant cockroaches
  4 hobgoblins
  14 jackals
  A quokka (D:4)
  54 bats
  3 frilled lizards
  5 goblins
  2 goblin skeletons (D:12)
  2 goblin zombies (D:12)
  5 hobgoblin skeletons (Ossuary)
  2 hobgoblin zombies (D:12)
  21 kobolds
  A kobold zombie (Ossuary)
  2 leopard gecko skeletons
  5 orc skeletons (D:12)
  15 orc zombies
  2 quokka zombies
  2 rats (D:2)
448 creatures vanquished.

Vanquished Creatures (collateral kills)
  A wight (Ossuary)
  An adder (D:2)
  An ooze (D:3)
  2 worms
  A leopard gecko (D:2)
  An orc (Orc:1)
  A kobold (D:3)
  A goblin (D:3)
9 creatures vanquished.

Vanquished Creatures (others)
  A sky beast (D:7)
  A wight (Ossuary)
  An orc wizard (D:7)
  An iguana (D:7)
  5 toadstools (D:1)
9 creatures vanquished.

Grand Total: 466 creatures vanquished

Notes
Turn   | Place    | Note
-------+----------+-------------------------------------------
     0 | D:1      | Lavandula the Deep Dwarf Transmuter began the quest for the Orb.
     0 | D:1      | Reached XP level 1. HP: 16/16 MP: 3/3
   241 | D:1      | Reached XP level 2. HP: 9/24 MP: 2/4
   251 | D:1      | Learned a level 2 spell: Sticks to Snakes
   387 | D:2      | Reached XP level 3. HP: 21/30 MP: 0/5
   737 | D:3      | Reached XP level 4. HP: 28/37 MP: 3/5
   878 | D:3      | Found a faded altar of an unknown god.
   972 | D:3      | Found a stormy altar of Qazlal.
  1095 | D:4      | Reached skill level 5 in Unarmed Combat
  1144 | D:4      | Reached XP level 5. HP: 20/43 MP: 2/6
  1237 | D:4      | Noticed a phantom
  1257 | D:4      | Killed a phantom
  1300 | D:4      | Reached XP level 6. HP: 25/50 MP: 2/6
  1627 | D:4      | Reached skill level 1 in Fighting
  1678 | D:5      | Entered Level 5 of the Dungeon
  1734 | D:5      | Noticed Blork the orc
  1738 | D:5      | Noticed Ijyb
  1747 | D:5      | Killed Ijyb
  1747 | D:5      | Reached XP level 7. HP: 27/58 MP: 0/7
  1747 | D:5      | Killed Blork the orc
  1827 | D:5      | Noticed tobi4572's ghost (novice SpAs)
  1863 | D:5      | Found a sand-covered staircase.
  1882 | Ossuary  | Entered an ossuary
  1889 | Ossuary  | Learned a level 3 spell: Spider Form
  1987 | Ossuary  | Noticed a wraith
  1987 | Ossuary  | Noticed a flying skull
  2020 | Ossuary  | Noticed a flying skull
  2021 | Ossuary  | Noticed a flying skull
  2049 | Ossuary  | Noticed a wraith
  2059 | Ossuary  | Noticed a flying skull
  2077 | Ossuary  | Noticed a wraith
  2165 | Ossuary  | Killed a wraith
  2284 | D:5      | Reached skill level 1 in Axes
  2330 | D:5      | Found a shimmering altar of Xom.
  2377 | D:5      | Killed tobi4572's ghost
  2377 | D:5      | Reached XP level 8. HP: 47/72 MP: 2/8
  2392 | D:5      | Reached skill level 5 in Axes
  2559 | D:6      | Found the amulet of Vitality {Regen+ HP+15}
  2907 | D:6      | Gained mutation: You passively map the area around you. [Deep Dwarf growth]
  2907 | D:6      | Reached XP level 9. HP: 29/78 MP: 7/7
  3000 | D:7      | Found a staircase to the Ecumenical Temple.
  3001 | D:7      | Noticed Lokiki's ghost (novice MfTm)
  3023 | D:7      | Reached skill level 1 in Evocations
  3050 | D:7      | Killed Lokiki's ghost
  3071 | D:7      | Noticed Menkaure
  3075 | Temple   | Entered the Ecumenical Temple
  3275 | D:7      | Killed Menkaure
  3492 | D:7      | Reached skill level 10 in Axes
  3618 | D:7      | Found Tusum's Antique Weapon Shoppe.
  3621 | D:7      | Bought a slimy mace for 176 gold pieces
  3621 | D:7      | Identified the +3 mace "Fish" {pain, rF+ Int+6} (You bought it in a shop on level 7 of the Dungeon)
  3803 | D:7      | Bought a glowing hand axe for 132 gold pieces
  3992 | D:8      | Found a burning altar of Makhleb.
  4009 | D:8      | Noticed Joseph
  4012 | D:8      | Became a worshipper of Makhleb the Destroyer
  4018 | D:8      | Killed Joseph
  4018 | D:8      | Reached XP level 10. HP: 46/81 MP: 7/7
  4562 | D:8      | Found a bloodstained altar of Trog.
  4562 | D:8      | Found a blossoming altar of Fedhas.
  4566 | D:8      | Found a white marble altar of Elyvilon.
  4566 | D:8      | Found a radiant altar of Vehumet.
  4795 | D:9      | Noticed Maurice
  4806 | D:9      | Killed Maurice
  4882 | D:9      | Noticed a cyan ugly thing
  4913 | D:9      | Killed a cyan ugly thing
  4913 | D:9      | Reached skill level 5 in Fighting
  4955 | D:9      | Reached * piety under Makhleb
  5010 | D:9      | Learned a level 1 spell: Summon Butterflies
  5053 | D:9      | Noticed an orc knight
  5053 | D:9      | Noticed an orc sorcerer
  5055 | D:9      | Killed an orc sorcerer
  5055 | D:9      | Reached skill level 5 in Dodging
  5075 | D:9      | Killed an orc knight
  5118 | D:9      | Noticed a white ugly thing
  5135 | D:9      | Killed a white ugly thing
  5148 | D:9      | Noticed a two-headed ogre
  5160 | D:9      | Killed a two-headed ogre
  5160 | D:9      | Reached XP level 11. HP: 89/96 MP: 6/6
  5189 | D:9      | Gained mutation: You are frail. (-10% HP) [potion of mutation]
  5189 | D:9      | Gained mutation: You are partially covered in rugged brown scales. (AC +1, +3% HP) [potion of mutation]
  5189 | D:9      | Gained mutation: You have a pair of small horns on your head. [potion of mutation]
  5190 | D:9      | Lost mutation: You are frail. (-10% HP) [potion of mutation]
  5190 | D:9      | Lost mutation: You have a pair of small horns on your head. [potion of mutation]
  5190 | D:9      | Lost mutation: You are partially covered in rugged brown scales. (AC +1, +3% HP) [potion of mutation]
  5190 | D:9      | Gained mutation: You are resistant to hostile enchantments. (MR+) [potion of mutation]
  5190 | D:9      | Gained mutation: You have large cloven feet. [potion of mutation]
  5322 | D:10     | Entered Level 10 of the Dungeon
  5326 | D:10     | Noticed Sonja
  5338 | D:10     | Reached ** piety under Makhleb
  5426 | D:10     | Noticed Sonja
  5426 | D:10     | Sonja changed into Sonja the sky beast
  5436 | D:10     | Killed Sonja the sky beast
  5623 | D:7      | Bought a runed war axe for 143 gold pieces
  5803 | D:10     | Killed an unseen horror
  5912 | D:10     | Reached skill level 10 in Fighting
  5987 | D:10     | Reached *** piety under Makhleb
  5994 | D:10     | Noticed Grum
  6018 | D:10     | Killed Grum
  6161 | D:10     | Found an ancient bone altar of Kikubaaqudgha.
  6180 | D:10     | Reached **** piety under Makhleb
  6229 | D:10     | Found a hide-covered altar of Uskayaw.
  6232 | D:10     | Found a hazy altar of Hepliaklqana.
  6233 | D:10     | Found a runed door.
  6277 | D:10     | Noticed a flayed ghost
  6290 | D:10     | Killed a flayed ghost
  6299 | D:10     | Identified the Grimoire of Damaging Boosts
  6303 | D:10     | Learned a level 1 spell: Apportation
  6309 | D:10     | Learned a level 5 spell: Irradiate
  6320 | D:10     | Found an opulent altar of Gozag.
  6343 | D:10     | Found a shadowy altar of Dithmenos.
  6353 | D:10     | Found a hide-covered altar of Uskayaw.
  6426 | D:11     | Reached skill level 1 in Armour
  6467 | D:11     | Noticed Josephine
  6481 | D:11     | Killed Josephine
  6481 | D:11     | Reached XP level 12. HP: 100/123 MP: 5/5
  6557 | D:11     | Noticed yann's ghost (journeyman HuWn)
  6620 | D:11     | Killed yann's ghost
  6637 | D:11     | Noticed an eight-headed hydra
  6666 | D:11     | Killed a one-headed hydra
  6794 | D:11     | Reached ***** piety under Makhleb
  6822 | D:11     | Reached skill level 1 in Invocations
  7047 | D:12     | Found a portal to a secret trove of treasure.
  7099 | D:12     | Found a staircase to the Orcish Mines.
  7126 | D:12     | Reached skill level 5 in Invocations
  7148 | D:12     | Noticed Chudej's ghost (journeyman DECj)
  7170 | D:12     | Killed Chudej's ghost
  7200 | Orc:1    | Entered Level 1 of the Orcish Mines
  7362 | Orc:1    | Noticed an orc warlord
  7397 | Orc:1    | Killed an orc warlord
  7408 | Orc:1    | Found Yloliwic's Magic Scroll Shoppe.
  7445 | Orc:1    | Bought a scroll of magic mapping for 63 gold pieces
  7496 | Orc:1    | Reached ****** piety under Makhleb
  7563 | Orc:1    | Noticed a two-headed ogre
  7567 | Orc:1    | HP: 3/123 [two-headed ogre/giant spiked club (9)]
  7574 | Orc:1    | HP: 4/123 [two-headed ogre/giant spiked club (11)]
  7576 | Orc:1    | Killed a two-headed ogre
  7576 | Orc:1    | Reached skill level 5 in Spellcasting
  7775 | D:7      | Bought a runed executioner's axe for 286 gold pieces
  7776 | D:7      | Bought a shimmering trident for 187 gold pieces
  7780 | D:7      | Identified the +10 trident "Duycerpheaq" {vamp, rPois MR+ Stlth-} (You bought it in a shop on level 7 of the Dungeon)
  7904 | Orc:2    | Entered Level 2 of the Orcish Mines
  7904 | Orc:2    | Noticed Donald
  7934 | Orc:2    | Noticed an ogre mage
  7939 | Orc:2    | Noticed a two-headed ogre
  7942 | Orc:2    | Noticed a two-headed ogre
  7944 | Orc:2    | Noticed a two-headed ogre
  7945 | Orc:2    | Noticed a two-headed ogre
  7948 | Orc:2    | Noticed a two-headed ogre
  7960 | Orc:2    | Killed an ogre mage
  7960 | Orc:2    | Reached skill level 1 in Polearms
  7960 | Orc:2    | Reached XP level 13. HP: 94/130 MP: 3/3
  7966 | Orc:2    | Mangled by a two-headed ogre

Skill      XL: |  1  2  3  4  5  6  7  8  9 10 11 12 13 |
---------------+----------------------------------------+-----
Unarmed Combat | 3 4 5 6 7 |  7.0
Fighting       | 1 3 5 12 | 12.8
Axes           | 4 9 11 12 | 12.9
Evocations     | 6 |  6.2
Dodging        | 8 |  8.5
Armour         | 3 4 |  4.5
Invocations    | 8 |  8.0
Spellcasting   | 5 |  5.1
Polearms       | 1 2 |  2.5
Transmutations | |  1.8

Action                   |  1- 3 |  4- 6 |  7- 9 | 10-12 | 13-15 || total
-------------------------+-------+-------+-------+-------+-------++-------
Melee: Unarmed           |    89 |   112 |    96 |       |       ||   297
       Kick              |     6 |       |       |       |       ||     6
       Headbutt          |    12 |    20 |    16 |     7 |       ||    55
       Punch             |     1 |     2 |    15 |    27 |       ||    45
       War axe           |       |       |   215 |   973 |       ||  1188
       Mace              |       |       |     9 |       |       ||     9
       Hand axe          |       |       |       |    19 |       ||    19
       Trident           |       |       |       |    18 |     6 ||    24
 Fire: Blowgun           |    23 |    27 |     7 |     1 |       ||    58
 Cast: Beastly Appendage |    19 |    18 |    11 |     4 |       ||    52
       Sticks to Snakes  |     4 |     8 |     5 |     2 |       ||    19
       Spider Form       |       |       |     3 |       |       ||     3
 Abil: Heal Wounds       |     3 |     5 |    20 |    57 |       ||    85
Evoke: Wand              |       |     2 |    14 |    17 |       ||    33
       Sack of spiders   |       |       |       |     5 |       ||     5
  Use: Scroll            |       |     3 |     6 |    12 |       ||    21
       Potion            |       |       |     3 |     3 |       ||     6
 Stab: Sleeping          |       |     1 |     3 |     1 |       ||     5
       Paralysed         |       |       |       |    20 |       ||    20
       Distracted        |       |       |       |     2 |       ||     2
  Eat: Chunk             |       |     4 |     7 |     8 |       ||    19
       Ration            |       |       |     2 |     3 |       ||     5
Armor: Robe              |    29 |    44 |   101 |   294 |     1 ||   469
       Skin              |       |       |     1 |       |       ||     1
Dodge: Dodged            |    86 |   109 |   203 |   843 |    11 ||  1252
Block: Other             |       |       |     7 |   154 |       ||   161
       Reflection        |       |       |     1 |     3 |       ||     4
